 Dungeon Crawl Stone Soup version 0.18.1-5-g4a78601 (webtiles) character file.

15378 hawthorn the Black Sun (level 12, -3/103 HPs)
             Began as a Naga Necromancer on May 13, 2016.
             Was a High Priest of Kikubaaqudgha.
             Slain by a lindwurm (5 damage)
             ... on level 4 of the Lair of Beasts.
             The game lasted 01:46:03 (15864 turns).

hawthorn the Black Sun (Naga Necromancer)          Turns: 15864, Time: 01:46:04

Health: -3/103     AC: 15    Str: 16    XL:     12   Next: 26%
Magic:  30/35      EV: 12    Int: 21    God:    Kikubaaqudgha [*****.]
Gold:   1051       SH:  0    Dex: 13    Spells: 9 memorised, 0 levels left

rFire  . . .     SeeInvis +     w - +5 dagger (venom)
rCold  . . .     Gourm    .     n - +2 robe {MR+}
rNeg   . . .     Faith    .     (no shield)
rPois  +         Spirit   .     j - +2 helmet
rElec  .         Dismiss  .     z - +1 cloak
rCorr  .         Reflect  .     g - +2 pair of gloves
SustAt .         Harm     .     (no barding)
MR     ++...                    F - amulet of regeneration
Stlth  +++++.....               p - ring of Mysasty {MP+9 Int+3}
                                P - +4 ring of strength

@: flying, very slow, very resistant to hostile enchantments, quite stealthy
A: see invisible, deformed body, poison resistance, slowness 2, slow metabolism
1, spit poison 2, AC +4
a: Spit Poison, Receive Corpses, Torment, Renounce Religion


You were on level 4 of the Lair of Beasts.
You worshipped Kikubaaqudgha.
Kikubaaqudgha was extremely pleased with you.
You were not hungry.

You visited 3 branches of the dungeon, and saw 15 of its levels.
You also visited: Sewer.

You collected 1051 gold pieces.

Inventory:

Hand Weapons
 l - a +4 shortbow
 w - a +5 dagger of venom (weapon)
 V - the +5 mace of Lyic Fiy {venom, rElec rPois SInv Stlth-}
   (You found it on level 10 of the Dungeon)

   It poisons the flesh of those it strikes.
   It insulates you from electricity.
   It protects you from poison.
   It lets you see invisible.
   It makes you less stealthy.
Missiles
 i - 8 tomahawks (quivered)
 y - 222 arrows
 G - a throwing net
 Q - 27 poisoned needles
Armour
 g - a +2 pair of gloves (worn)
 j - a +2 helmet (worn)
 n - a +2 robe of magic resistance (worn)
 z - a +1 cloak (worn)
Jewellery
 p - the ring of Mysasty (right hand) {MP+9 Int+3}
   (You found it on level 5 of the Dungeon)

   [ring of magical power]

   It affects your intelligence (+3).
   It affects your magic capacity (+9).
 B - an uncursed amulet of dismissal
 F - an amulet of regeneration (around neck)
 P - a +4 ring of strength (left hand)
Wands
 q - a wand of iceblast (12/15)
 v - a wand of iceblast (7/15)
 A - a wand of iceblast (8/15)
 D - a wand of disintegration (17/24)
 O - a wand of iceblast (9/15)
 R - a wand of flame (21/48)
 S - a wand of lightning (7/15)
 W - a wand of paralysis (3/24)
 Y - a wand of teleportation (4/9)
Scrolls
 e - 3 scrolls of identify
 h - a scroll of enchant armour
 k - 2 scrolls of fog
 m - a scroll of blinking
 r - 3 scrolls of amnesia
 s - 5 scrolls of recharging
 t - 2 scrolls of fear
 M - 8 scrolls of teleportation
 N - a scroll of remove curse
Potions
 a - 2 potions of curing
 b - a potion of ambrosia
 f - a potion of resistance {unknown}
 I - 2 potions of might
 J - a potion of brilliance
 K - 5 potions of flight
Books
 E - a book of Envenomations

   Spells                             Type                      Level
   a - Spider Form                    Transmutation/Poison         3
   b - Olgreb's Toxic Radiance        Poison                       4
   c - Alistair's Intoxication        Transmutation/Poison         5
   d - Poisonous Cloud                Conjuration/Poison/Air       6
 H - Thaumaturgy for Dummies
   (You found it on level 4 of the Dungeon)

   Spells                             Type                      Level
   a - Infusion                       Charms                       1
   b - Sting                          Conjuration/Poison           1
   c - Magic Dart                     Conjuration                  1
   d - Sandblast                      Earth                        1
   e - Beastly Appendage              Transmutation                1
 U - Kikubaaqudgha's Disquisition on Stolen Souls
   (Kikubaaqudgha gifted it to you on level 7 of the Dungeon)

   Spells                             Type                      Level
   a - Excruciating Wounds            Charms/Necromancy            5
   b - Agony                          Necromancy                   5
   c - Cigotuvi's Embrace             Necromancy                   5
   d - Dispel Undead                  Necromancy                   5
   e - Death Channel                  Necromancy                   6
 X - the Tome of Enthralling Companions
   (You found it on level 8 of the Dungeon)

   Spells                             Type                      Level
   a - Corona                         Hexes                        1
   b - Slow                           Hexes                        2
   c - Summon Guardian Golem          Hexes/Summoning              3
   d - Discord                        Hexes                        8
Miscellaneous
 d - a crystal ball of energy
 x - a plain deck of defence {drawn: 3}
Comestibles
 c - 10 bread rations
 o - 8 meat rations
 u - 5 slices of pizza
 C - 3 chunks of flesh
 L - 4 fruits


   Skills:
 + Level 5.2 Fighting
 + Level 4.2 Short Blades
 * Level 3.0 Bows
 + Level 2.6 Armour
 + Level 5.4 Dodging
 + Level 10.0 Stealth
 * Level 10.2 Spellcasting
 + Level 0.2 Charms
 * Level 11.4 Necromancy
 + Level 0.2 Evocations


You couldn't memorise any spells.
You knew the following spells:

 Your Spells              Type           Power        Failure   Level  Hunger
a - Pain                  Necr           ####         1%          1    None
b - Vampiric Draining     Necr           ######....   1%          3    None
c - Regeneration          Chrm/Necr      #####.....   1%          3    None
d - Animate Dead          Necr           N/A          1%          4    ##.....
e - Sublimation of Blood  Necr           ######....   1%          2    None
f - Dispel Undead         Necr           ######..     1%          5    ####...
g - Swiftness             Chrm/Air       ##......     12%         2    None
h - Death Channel         Necr           ######....   10%         6    ######.
i - Agony                 Necr           ######..     1%          5    ####...


Dungeon Overview and Level Annotations

Branches:
Dungeon (10/15)            Temple (1/1) D:4            Lair (4/8) D:8
    Orc (0/2) D:9
  Swamp: Lair:3-6    Shoals: Lair:3-6     Snake: Lair:3-6    Spider: Lair:3-6

Altars:
Ashenzari
Elyvilon
Fedhas
Gozag
Kikubaaqudgha
Makhleb
Nemelex Xobeh
Okawaru
Pakellas
Qazlal
Ru
Sif Muna
Trog
Vehumet
Xom
Yredelemnul
Zin
The Shining One

Shops:
D:6 (   D:7 }


Innate Abilities, Weirdness & Mutations

You cannot wear boots.
Your serpentine skin is tough (AC +4).
You have supernaturally acute eyesight.
Armour fits poorly on your strangely shaped body.
Your system is resistant to poisons.
You cover ground very slowly.
You have a slow metabolism.
You can spit poison.


Message History

The lindwurm bites you. The lindwurm barely misses you. The lindwurm claws you.
Found a metal-bound book and a leather armour.
Casting: Vampiric Draining
Confirm with . or Enter, or press ? or * to list all spells.
Aiming: Vampiric Draining
Press: ? - help, Shift-Dir - straight line, f/p - lindwurm
Aim: a lindwurm (lightly wounded, catching its breath)
The lindwurm is moderately wounded.
You feel life coursing into your body.
The lindwurm roars!
You hear a roar!
The lindwurm breathes flames at you. The blast of flame hits you!
The lindwurm breathes flames at you. The blast of flame hits you!
* * * LOW HITPOINT WARNING * * *
The lindwurm bites you.
* * * LOW HITPOINT WARNING * * *
The lindwurm completely misses you. The lindwurm claws you.
You die...
Kikubaaqudgha rasps: "You have failed me!
Welcome... death!"

....≈≈≈§§≈§§≈≈≈ ≈≈≈≈≈≈..#........
....≈≈≈§≈≈≈kk. §≈§≈≈≈≈...........
...≈≈≈§ZZ...## ..≈≈≈≈§≈..........
...§§§≈≈§..####.§§≈≈≈§§.§........
...≈≈≈§≈[.#.((.#..§§≈≈§.........#
.#≈≈≈≈§§.##$)>?##.≈≈≈≈≈≈#......##
##§≈≈≈≈≈k##[=)%##§≈≈§≈§§##.....#
##.≈≈≈§≈..#.:k.#..§≈≈≈≈.......##
##§§§≈≈≈§.. ##k@≈≈≈≈≈≈.....##.#
##.≈§≈≈≈≈k..##..k≈≈§≈§≈....#####
.#§§§≈≈≈§§≈.§k.§≈≈§§§≈....##
##..§§≈≈≈≈≈≈§§§≈≈≈≈≈≈§....##
....§≈§≈≈≈§≈≈§≈≈≈≈≈§§......####
......§§§§≈≈≈≈≈§≈≈≈≈§.........#
.......≈≈≈≈≈§§≈≈≈≈§..........P#
....#....≈≈≈≈§§§≈....#.##.......#
.....#P.....≈≈.....#.#####.....##


You could see 4 lindwurms.

Vanquished Creatures
  A hydra (Lair:3)
  Nergalle (Lair:4)
  A hill giant (D:10)
  A black mamba (Lair:4)
  2 spiny frogs
  7 komodo dragons
  3 trolls
  A wyvern (Lair:4)
  8 yaks
  2 hippogriffs
  6 water moccasins
  3 porcupines
  3 orc warriors
  4 sky beasts
  A black bear (D:8)
  2 wasps
  2 phantoms
  6 ogres
  3 crocodiles
  5 centaurs
  11 giant frogs
  5 scorpions
  A killer bee (D:4)
  8 wights
  6 howler monkeys
  A crimson imp (D:7)
  A giant frog zombie (D:6)
  3 hounds
  A quasit (D:10)
  2 jellies (D:5)
  5 orc wizards
  A giant frog skeleton (D:8)
  3 orc priests
  3 centaur skeletons
  8 worker ants
  7 iguanas
  Ijyb (D:3)
  A siren (Sewer)
  A merfolk avatar (Sewer)
  A hound skeleton (D:8)
  7 gnolls
  A worker ant zombie (D:7)
  15 adders
  13 river rats
  2 shadow imps
  2 oozes
  An adder skeleton (D:5)
  A worm (D:6)
  3 dart slugs
  12 giant geckos
  19 orcs
  9 bats
  6 giant cockroaches
  15 goblins
  6 hobgoblins
  7 jackals
  2 quokkas
  7 ball pythons
  A ball python skeleton (D:4)
  A giant gecko skeleton (D:4)
  13 giant newts
  2 jackal skeletons (D:4)
  10 kobolds
  A quokka skeleton (D:5)
  30 rats
318 creatures vanquished.

Vanquished Creatures (collateral kills)
  A griffon (Lair:4)
  A black mamba (Lair:1)
  2 spiny frogs
  3 komodo dragons (Lair:1)
  A polar bear (Lair:4)
  4 yaks
  2 hippogriffs
  2 water moccasins
  A porcupine (Lair:4)
  An orc warrior (D:9)
  A black bear (D:6)
  2 centaurs (D:9)
  A crocodile (Lair:2)
  A giant frog (D:9)
  2 howler monkeys (D:9)
  A crimson imp (D:9)
  2 orc priests (D:9)
  2 iguanas (Lair:1)
  A giant frog skeleton (D:10)
  An adder (D:9)
  17 river rats
  5 orcs (D:9)
  A jackal (D:6)
  A giant gecko skeleton (D:6)
  2 fungi
58 creatures vanquished.

Vanquished Creatures (others)
  3 fungi (Lair:2)
  14 plants
17 creatures vanquished.

Grand Total: 393 creatures vanquished

Notes
Turn   | Place    | Note
--------------------------------------------------------------
     0 | D:1      | hawthorn the Naga Necromancer began the quest for the Orb.
     0 | D:1      | Reached XP level 1. HP: 15/15 MP: 3/3
     2 | D:1      | Noticed a tengu
     2 | D:1      | Noticed an ogre
     4 | D:1      | Noticed an elf
     6 | D:1      | Noticed a naga
     6 | D:1      | Noticed a gargoyle
     8 | D:1      | Noticed a centaur
     8 | D:1      | Noticed a demigod
    10 | D:1      | Noticed a dwarf
    12 | D:1      | Noticed a demonspawn
    14 | D:1      | Noticed a ghoul
    14 | D:1      | Noticed a vine stalker
    16 | D:1      | Noticed a draconian
    16 | D:1      | Noticed a felid
    18 | D:1      | Noticed a spriggan
    18 | D:1      | Noticed an octopode
    20 | D:1      | Noticed a minotaur
    20 | D:1      | Noticed a formicid
    22 | D:1      | Noticed a vampire
    22 | D:1      | Noticed a human
    24 | D:1      | Noticed a troll
    24 | D:1      | Noticed a halfling
    26 | D:1      | Noticed a merfolk
   340 | D:1      | Reached XP level 2. HP: 22/22 MP: 1/5
   761 | D:1      | Reached XP level 3. HP: 19/28 MP: 1/6
   887 | D:1      | Learned a level 3 spell: Vampiric Draining
  1318 | D:2      | Reached XP level 4. HP: 21/36 MP: 3/7
  1323 | D:2      | Learned a level 3 spell: Regeneration
  2061 | D:2      | Reached skill level 5 in Necromancy
  2135 | D:2      | Found a white marble altar of Elyvilon.
  2266 | D:3      | Reached XP level 5. HP: 43/43 MP: 9/9
  2409 | D:3      | Found an oddly glowing altar of Pakellas.
  2411 | D:3      | Found a deep blue altar of Sif Muna.
  2411 | D:3      | Found a shimmering altar of Xom.
  2521 | D:3      | Found an iron altar of Okawaru.
  3757 | D:3      | Noticed Ijyb
  3765 | D:3      | Killed Ijyb
  3765 | D:3      | Reached XP level 6. HP: 40/50 MP: 4/11
  4107 | D:2      | Learned a level 4 spell: Animate Dead
  4354 | D:4      | Found a staircase to the Ecumenical Temple.
  4363 | Temple   | Entered the Ecumenical Temple
  4388 | Temple   | Became a worshipper of Kikubaaqudgha
  4451 | D:4      | Reached skill level 1 in Fighting
  4668 | D:4      | Identified Thaumaturgy for Dummies
  5025 | D:4      | Reached skill level 5 in Stealth
  5187 | D:4      | Found a sacrificial altar of Ru.
  5222 | D:4      | Reached XP level 7. HP: 53/57 MP: 13/13
  5396 | D:4      | Found a burning altar of Makhleb.
  5665 | D:5      | Entered Level 5 of the Dungeon
  5760 | D:5      | Reached skill level 6 in Necromancy
  5879 | D:5      | Reached XP level 8. HP: 49/67 MP: 10/14
  5905 | D:5      | Gained mutation: You occasionally shout uncontrollably at your foes. [potion of mutation]
  5905 | D:5      | Gained mutation: Your magical capacity is low (-10% MP). [potion of mutation]
  5905 | D:5      | Gained mutation: You passively map a small area around you. [potion of mutation]
  5909 | D:5      | Lost mutation: Your magical capacity is low (-10% MP). [potion of cure mutation]
  5909 | D:5      | Lost mutation: You passively map a small area around you. [potion of cure mutation]
  5909 | D:5      | Lost mutation: You occasionally shout uncontrollably at your foes. [potion of cure mutation]
  5998 | D:5      | Found a stormy altar of Qazlal.
  6046 | D:5      | Reached skill level 1 in Short Blades
  6085 | D:5      | Reached * piety under Kikubaaqudgha
  6085 | D:5      | Received a gift from Kikubaaqudgha
  6088 | D:5      | Identified Kikubaaqudgha's Almanac of Sinister Arts (Kikubaaqudgha gifted it to you on level 5 of the Dungeon)
  6093 | D:5      | Learned a level 2 spell: Sublimation of Blood
  6370 | D:5      | Got an ancient ivory ring
  6924 | D:6      | Identified the ring of Mysasty {MP+9 Int+3} (You found it on level 5 of the Dungeon)
  6996 | D:6      | Reached skill level 5 in Spellcasting
  6996 | D:6      | Reached skill level 7 in Necromancy
  7126 | D:6      | Found a glowing drain.
  7130 | Sewer    | Entered a sewer
  7204 | Sewer    | Reached ** piety under Kikubaaqudgha
  7677 | D:6      | Reached XP level 9. HP: 43/76 MP: 12/17
  7704 | D:6      | Found Siarihoj's Antique Weapon Boutique.
  8184 | D:6      | Found a basalt altar of Yredelemnul.
  8438 | D:7      | Found Suimol's Gadget Shoppe.
  8568 | D:7      | Got an ebony hand axe
  8569 | D:7      | Identified the cursed +0 hand axe of Naduf {speed, rC++ Dex+3 Stlth+} (You found it on level 7 of the Dungeon)
  8614 | D:7      | Reached *** piety under Kikubaaqudgha
  8614 | D:7      | Received a gift from Kikubaaqudgha
  8617 | D:7      | Identified Kikubaaqudgha's Disquisition on Stolen Souls (Kikubaaqudgha gifted it to you on level 7 of the Dungeon)
  8624 | D:7      | Learned a level 5 spell: Dispel Undead
  8994 | D:8      | Identified the Tome of Enthralling Companions
  9129 | D:8      | Found a staircase to the Lair.
  9136 | D:8      | Noticed a komodo dragon
  9153 | D:8      | Killed a komodo dragon
  9153 | D:8      | Reached skill level 8 in Necromancy
  9183 | D:8      | Reached XP level 10. HP: 34/86 MP: 1/19
  9888 | D:9      | Reached skill level 9 in Necromancy
 10034 | D:9      | Reached **** piety under Kikubaaqudgha
 10578 | D:9      | Found a staircase to the Orcish Mines.
 10939 | D:10     | Entered Level 10 of the Dungeon
 10964 | D:10     | Learned a level 2 spell: Swiftness
 11265 | D:10     | Noticed a hill giant
 11295 | D:10     | Killed a hill giant
 11295 | D:10     | Reached skill level 1 in Bows
 11431 | D:10     | Got a brightly glowing mace
 11432 | D:10     | Identified the +5 mace of Lyic Fiy {venom, rElec rPois SInv Stlth-} (You found it on level 10 of the Dungeon)
 11504 | D:10     | Reached skill level 10 in Necromancy
 11892 | D:10     | Reached XP level 11. HP: 93/93 MP: 23/23
 11900 | D:10     | Learned a level 6 spell: Death Channel
 12084 | Lair:1   | Entered Level 1 of the Lair of Beasts
 12313 | Lair:1   | Reached skill level 1 in Armour
 13331 | Lair:2   | Noticed an eight-headed hydra
 13622 | Lair:2   | Reached skill level 5 in Dodging
 13668 | Lair:2   | Reached ***** piety under Kikubaaqudgha
 14143 | Lair:2   | Reached skill level 11 in Necromancy
 14388 | Lair:3   | Noticed a six-headed hydra
 14398 | Lair:3   | Killed a six-headed hydra
 14398 | Lair:3   | Reached skill level 5 in Fighting
 14443 | Lair:3   | Reached skill level 10 in Spellcasting
 14649 | Lair:3   | Reached XP level 12. HP: 85/103 MP: 26/26
 15173 | Lair:4   | Noticed Nergalle
 15183 | Lair:4   | Killed Nergalle
 15530 | Lair:4   | Reached skill level 10 in Stealth
 15744 | Lair:4   | Learned a level 5 spell: Agony
 15864 | Lair:4   | HP: 2/103 [lindwurm (4)]
 15864 | Lair:4   | Slain by a lindwurm

Skill      XL: |  1  2  3  4  5  6  7  8  9 10 11 12 |
---------------+-------------------------------------+-----
Necromancy     | 5 6 7 8 10 11 | 11.4
Stealth        | 4 5 6 7 9 10 | 10.0
Spellcasting   | 3 4 5 6 8 10 | 10.2
Dodging        | 2 3 4 5 |  5.4
Fighting       | 1 2 3 4 5 |  5.2
Short Blades   | 1 2 3 4 |  4.2
Bows           | 1 2 3 |  3.0
Armour         | 2 |  2.6
Charms         | |  0.2
Evocations     | |  0.2

Action                   |  1- 3 |  4- 6 |  7- 9 | 10-12 || total
-------------------------+-------+-------+-------+-------++-------
Melee: Unarmed           |     9 |       |       |       ||     9
       Whip              |     3 |       |       |       ||     3
       Dagger            |     7 |   154 |   365 |   579 ||  1105
       Short sword       |     2 |       |       |       ||     2
 Fire: Shortbow          |       |       |     2 |    23 ||    25
Throw: Tomahawk          |       |       |       |     1 ||     1
 Cast: Pain              |    42 |    57 |    14 |     4 ||   117
       Vampiric Draining |       |     4 |    19 |    54 ||    77
       Animate Dead      |       |       |     6 |    17 ||    23
       Dispel Undead     |       |       |     7 |     1 ||     8
       Swiftness         |       |       |       |     3 ||     3
       Death Channel     |       |       |       |    10 ||    10
Invok: Receive Corpses   |       |       |       |     1 ||     1
 Abil: Spit Poison       |     4 |     9 |     3 |     2 ||    18
Evoke: Deck              |       |       |       |     3 ||     3
       Wand              |       |       |       |     4 ||     4
  Use: Scroll            |       |    11 |     6 |    11 ||    28
       Potion            |       |       |     8 |     5 ||    13
 Stab: Sleeping          |     2 |    19 |    27 |    16 ||    64
       Distracted        |       |       |       |     3 ||     3
  Eat: Chunk             |     1 |    11 |    15 |    19 ||    46
       Beef jerky        |       |       |     1 |     2 ||     3
       Royal jelly       |       |       |       |     1 ||     1
Armor: Robe              |    20 |    64 |   164 |   122 ||   370
       Troll leather arm |       |       |       |   135 ||   135
Dodge: Dodged            |    35 |   102 |   228 |   371 ||   736
